 Dungeon Crawl Stone Soup version 0.24.0-2-g5b39cebb1c (webtiles) character file.

Game seed: 3610035427137332775, levelgen mode: deterministic

88 Descartes the Sneak (level 4, 0/21 HPs)
             Began as a Spriggan Fire Elementalist on Oct 29, 2019.
             Killed from afar by an orc wizard (7 damage)
             ... with a puff of frost
             ... on level 2 of the Dungeon.
             The game lasted 00:05:55 (2161 turns).

Descartes the Sneak (Spriggan Fire Elementalist)    Turns: 2161, Time: 00:05:55

Health: 0/21       AC:  3    Str:  4    XL:     4   Next: 29%
Magic:  4/10       EV: 19    Int: 17    God:
Gold:   116        SH:  0    Dex: 16    Spells: 2/9 levels left

rFire    . . .     SeeInvis +   l - +0 short sword
rCold    . . .     Gourm    .   (shield restricted)
rNeg     . . .     Faith    .   a - +0 robe
rPois    .         Spirit   .   (helmet restricted)
rElec    .         Reflect  .   j - +0 cloak
rCorr    .         Harm     .   (gloves unavailable)
MR       .....                  (boots unavailable)
Stlth    +++.......             (no amulet)
HPRegen  0.07/turn              (no ring)
MPRegen  0.12/turn              (no ring)

@: very slightly contaminated, very quick
A: very small, unfitting armour, see invisible, herbivore, speed 3, slow
metabolism 2
a: no special abilities


You were on level 2 of the Dungeon.
You were not hungry.

You visited 1 branch of the dungeon, and saw 3 of its levels.

You collected 116 gold pieces.

Inventory:

Hand Weapons
 l - a +0 short sword (weapon)
Missiles
 g - 67 stones (quivered)
Armour
 a - a +0 robe (worn)
 j - a +0 cloak (worn)
Scrolls
 b - 3 scrolls of fear {unknown}
 e - 2 scrolls of teleportation {unknown}
 f - 6 scrolls of identify {unknown}
 k - a scroll of remove curse {unknown}
Potions
 d - a potion of lignification {unknown}
 h - a potion of berserk rage {unknown}
 i - a potion of mutation {unknown}
 m - a potion of heal wounds {unknown}
Comestibles
 c - 4 rations


   Skills:
 + Level 3.9 Dodging
 + Level 4.0 Stealth
 + Level 3.4 Spellcasting
 + Level 1.3 Conjurations
 + Level 0.7 Hexes
 + Level 2.9 Fire Magic


You had 2 spell levels left.
You knew the following spells:

 Your Spells              Type           Power        Failure   Level  Hunger
a - Flame Tongue          Conj/Fire      ##...        7%          1    None
b - Conjure Flame         Conj/Fire      ##......     21%         3    ###....
c - Inner Flame           Hex/Fire       #.......     24%         3    ###....

Your spell library contained the following spells:

 Spells                   Type           Power        Failure   Level  Hunger
 Throw Flame              Conj/Fire      ##....       11%         2    ##.....
 Sticky Flame             Conj/Fire      ##......     56%         4    ####...
 Fireball                 Conj/Fire      ##........   88%         5    ######.


Dungeon Overview and Level Annotations

Branches:
Dungeon (3/15)

Altars:


Innate Abilities, Weirdness & Mutations

You are very small and have problems with some larger weapons.
You are too small for most types of armour.
You have supernaturally acute eyesight. (SInv)
You are a herbivore.
You cover ground extremely quickly.
You need to consume almost no food.


Message History

The flame tongue hits the orc.
The orc is almost dead.
The orc wizard hits you with a +0 dagger.
The hobgoblin hits you with a +0 club! The orc hits you with a +0 dagger.
The orc wizard hits you with a +0 dagger.
* * * LOW HITPOINT WARNING * * *
Casting: Flame Tongue (safe; 7% risk of failure)
Confirm with . or Enter, or press ? or * to list all spells.
Aiming: Flame Tongue (safe; 7% risk of failure)
Press: ? - help, Shift-Dir - straight line, f/p - orc
Aim: an orc, wielding a +0 dagger (almost dead)
You miscast Flame Tongue.
You are very lightly contaminated with residual magic.
Lukewarm flames ripple over your body. The orc wizard completely misses you.
The hobgoblin barely misses you. The orc completely misses you.
The orc wizard points at you and mumbles some strange words.
The puff of frost misses you.
The orc wizard points at you and mumbles some strange words.
The puff of frost hits you!
You die...

........# #.# #.# #.###.........
........# #.# #.# #.# #.^.......
...)....###.# #.###.###.........
..........#.####.#...............
#.....###.....##.#..............#
#.##..#####......#..........#####
#.###...#####....#..........#
#..###...#######............#
##.###.#........@[.......####
#...#..########.....###.###
####.##.# #..............######
####..#.# ##.#.....####.#.<.....
......#.####...o.##.# #.....###.
####..........g.###.## #####.....
#...8.....8o....#..####.....###
###.............>.#..........###.
#...#.........###............####


You could see an orc wizard, an orc and a hobgoblin.

Vanquished Creatures
  4 adders (D:2)
  A worm (D:2)
  2 dart slugs
  2 leopard geckos (D:1)
  8 bats
  5 giant cockroaches
  3 goblins
  5 hobgoblins
  A quokka (D:2)
  4 frilled lizards (D:2)
  4 kobolds
  6 rats
45 creatures vanquished.

Notes
Turn   | Place    | Note
-------+----------+-------------------------------------------
     0 | D:1      | Descartes the Spriggan Fire Elementalist began the quest
                  | for the Orb.
     0 | D:1      | Reached XP level 1. HP: 9/9 MP: 5/5
   218 | D:1      | Reached XP level 2. HP: 13/13 MP: 0/6
   473 | D:1      | Reached skill level 1 in Conjurations
  1093 | D:2      | Reached XP level 3. HP: 16/16 MP: 5/8
  1150 | D:2      | Learned a level 3 spell: Conjure Flame
  1154 | D:2      | Learned a level 3 spell: Inner Flame
  1780 | D:2      | Reached skill level 4 in Stealth
  1780 | D:2      | Reached XP level 4. HP: 21/21 MP: 1/10
  2161 | D:2      | Killed from afar by an orc wizard

Levels and vault maps discovered:
D:1:      evilmike_arrival_plus, layout_basic, solitary_fountain,
          minmay_split_cup_small
D:2:      layout_rooms, st_stairs_1, minmay_quadrilaterals
D:3:      layout_basic, chequers_ecumenical_altar_simple, grunt_gozag_statues,
          uniq_terence

Skill      XL: |  1  2  3 |
---------------+----------+-----
Conjurations   | 1 |  1.3
Spellcasting   | 3 |  3.4
Stealth        | 4 |  4.0
Dodging        | |  3.9
Hexes          | |  0.7
Fire Magic     | |  2.9

Action                   |  1- 3 |  4- 6 || total
-------------------------+-------+-------++-------
Melee: Unarmed           |     3 |       ||     3
 Cast: Flame Tongue      |    83 |    21 ||   104
Armor: Robe              |     2 |     3 ||     5
Dodge: Dodged            |    27 |    20 ||    47
